 Dungeon Crawl Stone Soup version bcrawl-1.13 (webtiles) character file.

Game seed: 17701723437807282309

93 Ebbett the Shooter (level 4, 0/37 HPs)
             Began as a Centaur Warper on July 25, 2019.
             Slain by an orc wizard
             ... wielding a +0 dagger
              (2 damage)
             ... on level 3 of the Dungeon.
             The game lasted 00:05:55 (1964 turns).

Ebbett the Shooter (Centaur Warper)                 Turns: 1964, Time: 00:05:56

Health: 0/37       AC:  4    Str: 16    XL:     4   Next: 37%
Magic:  2/5        EV: 10    Int: 12    God:
Gold:   146        SH:  0    Dex: 10    Spells: 4/5 levels left

rFire    . . .     SeeInvis .   a - +0 shortbow
rCold    . . .     Gourm    .   (shield currently unavailable)
rNeg     . . .     Faith    .   c - +0 robe
rPois    .         Spirit   .   (no helmet)
rElec    .         Reflect  .   (no cloak)
rCorr    .         Harm     .   (no gloves)
MR       +....                  (no barding)
Stlth    +.........             (no amulet)
HPRegen  0.12/turn              h - ring of protection from magic
MPRegen  0.09/turn              n - +3 ring of strength

@: very quick
A: large, hooves 3, deformed body, speed 2, tough skin 3, no potion heal 1,
subdued magic 1, MP-powered wands
a: no special abilities


You were on level 3 of the Dungeon.
You were near starving.

You visited 1 branch of the dungeon, and saw 3 of its levels.

You collected 146 gold pieces.

Inventory:

Hand Weapons
 a - a +0 shortbow (weapon)
 b - a +0 dagger
Missiles
 f - 179 arrows (quivered)
Armour
 c - a +0 robe (worn)
Jewellery
 d - an uncursed ring of stealth {unknown}
 h - a ring of protection from magic (left hand)
 l - a +2 ring of intelligence
 n - a +3 ring of strength (right hand)
 o - an uncursed amulet of regeneration {unknown}
Scrolls
 e - a scroll of blinking
 i - 2 scrolls of identify
 k - a scroll of fear
Potions
 j - a potion of resistance
 m - a potion of might {unknown}
 p - a potion of degeneration {unknown}
Comestibles
 g - 4 rations {!d}


   Skills:
 + Level 2.4 Fighting
 + Level 5.1 Bows
 + Level 1.7 Dodging
 + Level 1.0 Spellcasting
 + Level 3.0 Translocations


You had 4 spell levels left.
You knew the following spells:

 Your Spells              Type           Power        Failure   Level  Hunger
a - Blink Other           Tloc           #.....       7%          1    ##.....

Your spell library contained the following spells:

 Spells                   Type           Power        Failure   Level  Hunger
 Blink                    Tloc           N/A          11%         2    ###....
 Portal Projectile        Tloc           #.....       22%         3    ####...
 Teleport Other           Tloc           #.......     22%         3    ####...
 Passage of Golubria      Tloc           N/A          92%         5    ######.


Dungeon Overview and Level Annotations

Branches:
Dungeon (3/12)

Altars:
Fedhas


Innate Abilities, Weirdness & Mutations

You have hooves in place of feet.
Armour fits poorly on your strangely shaped body.
You cover ground very quickly.
You have extremely tough skin. (AC +3)
Potions are less effective at restoring your health.
Your spells are a little easier to cast, but a little less powerful.
You expend magic power (3 MP) to strengthen your wands.


Message History

Casting: Blink Other (safe; 7% risk of failure)
Confirm with . or Enter, or press ? or * to list all spells.
Aiming: Blink Other (safe; 7% risk of failure)
Press: ? - help, Shift-Dir - straight line, f - orc priest
Aim: an orc priest, wielding a +0 short sword (chance to defeat MR: 37%) Nothing appears to happen.
Casting: Blink Other (safe; 7% risk of failure)
Confirm with . or Enter, or press ? or * to list all spells.
Aiming: Blink Other (safe; 7% risk of failure)
Press: ? - help, Shift-Dir - straight line, f/p - orc priest
Aim: an orc priest, wielding a +0 short sword (chance to defeat MR: 37%) Nothing appears to happen.
Something completely misses you.
Casting: Blink Other (safe; 7% risk of failure)
Confirm with . or Enter, or press ? or * to list all spells.
Aiming: Blink Other (safe; 7% risk of failure)
Press: ? - help, Shift-Dir - straight line, f/p - orc priest
Aim: an orc priest, wielding a +0 short sword (chance to defeat MR: 37%)
The orc priest resists with some effort.
Something hits you.
You die...

..#.#...#
#.#####
#.#...#
#.#.#.#
#.#.#.#
#.#.#.#
#...#.#
#####.#
#.@.#.#
#)#.#.#
#o#.#.#
#.#.#.#
#l#...#
#.#####
#. #.


You could see an orc priest and a leopard gecko.

Vanquished Creatures
  2 adders (D:3)
  3 dart slugs
  4 leopard geckos (D:2)
  3 orcs (D:3)
  7 bats
  3 giant cockroaches
  4 goblins (D:1)
  7 hobgoblins
  5 jackals (D:1)
  2 quokkas (D:2)
  2 frilled lizards (D:2)
  5 kobolds
  12 rats
59 creatures vanquished.

Notes
Turn   | Place    | Note
-------+----------+-------------------------------------------
     0 | D:1      | Ebbett the Centaur Warper began the quest for the Orb.
     0 | D:1      | Reached XP level 1. HP: 17/17 MP: 2/2
    52 | D:1      | Reached skill level 3 in Bows
    52 | D:1      | Reached XP level 2. HP: 7/24 MP: 3/3
   472 | D:1      | Reached XP level 3. HP: 18/29 MP: 4/4
   582 | D:1      | Reached skill level 4 in Bows
  1012 | D:2      | Gained mutation: Potions are less effective at restoring
                  | your health. [potion of mutation]
  1012 | D:2      | Gained mutation: Your spells are a little easier to cast,
                  | but a little less powerful. [potion of mutation]
  1012 | D:2      | Gained mutation: You expend magic power (3 MP) to
                  | strengthen your wands. [potion of mutation]
  1242 | D:2      | Found a blossoming altar of Fedhas.
  1541 | D:2      | Reached XP level 4. HP: 36/36 MP: 5/5
  1903 | D:3      | Reached skill level 5 in Bows
  1964 | D:3      | Slain by an orc wizard

Skill      XL: |  1  2  3  4 |
---------------+-------------+-----
Translocations | 3 |  3.0
Bows           | 3 4 5 |  5.1
Fighting       | |  2.4
Dodging        | |  1.7
Spellcasting   | |  1.0

Action                   |  1- 3 |  4- 6 || total
-------------------------+-------+-------++-------
 Fire: Shortbow          |   169 |    40 ||   209
 Cast: Blink Other       |     2 |     7 ||     9
  Use: Scroll            |     2 |       ||     2
       Potion            |     2 |       ||     2
Armor: Robe              |    41 |     6 ||    47
Dodge: Dodged            |    55 |    14 ||    69
